 Dungeon Sprint DCSS version 0.27.1-34-g3ba077fa99 (webtiles) character file.

Game seed: 14066438899425968448

1224 boopmooplesden the Blocker (level 8, -3/83 HPs)
             Began as a Minotaur Fighter on Jan 21, 2022.
             Was an Initiate of Okawaru.
             Slain by a hornet (5 damage)
             ... in the Dungeon (Sprint II: "The Violet Keep of Menkaure").
             The game lasted 00:03:55 (1247 turns).

boopmooplesden the Blocker (Minotaur Fighter)       Turns: 1247, Time: 00:03:56

Health: -3/83      AC: 13    Str: 29    XL:     8   Next: 23%
Magic:  2/2        EV: 10    Int:  5    God:    Okawaru [......]
Gold:   276        SH: 13    Dex: 10    Spells: 7/7 levels left

rFire    . . .     SeeInvis .   g - +4 mace of Qaita {antimagic, rN+ Will+ Stlth-}
rCold    . . .     Faith    .   c - +0 kite shield
rNeg     + . .     Spirit   .   b - +0 scale mail
rPois    .         Reflect  .   (helmet restricted)
rElec    .         Harm     .   e - +1 cloak "Kaysea" {Str+6}
rCorr    .         Rampage  .   (no gloves)
Will     +....     NoTele   +   f - +0 pair of boots
Stlth    ..........             (no amulet)
HPRegen  0.23/turn              (no ring)
MPRegen  0.08/turn              (no ring)

@: lethally poisoned (-3 -> -9), slowed, very slow
A: horns 2, retaliatory headbutt
a: Renounce Religion


You were in the Dungeon.
You worshipped Okawaru.
Okawaru was noncommittal.
You visited 1 branch You collected 972 gold pieces.
You spent 696 gold pieces at shops.

Inventory:

Hand Weapons
 a - a +0 long sword
 g - the +4 mace of Qaita (weapon) {antimagic, rN+ Will+ Stlth-}
   (You bought it in a shop in the Dungeon)

   It reduces the magical energy of the wielder, and disrupts the spells and
   magical abilities of those it strikes.
   Natural abilities and divine invocations are not affected.
   rN:        It protects you from negative energy.
   Will:      It increases your willpower.
   Stlth:     It makes you less stealthy.
Armour
 b - a +0 scale mail (worn)
 c - a +0 kite shield (worn)
 d - a scarf of shadows
 e - the +1 cloak "Kaysea" (worn) {Str+6}
   (You bought it in a shop in the Dungeon)

   Str:       It affects your strength (+6).
 f - a +0 pair of boots (worn)
Scrolls
 j - a scroll of blinking
Potions
 h - 2 potions of magic


   Skills:
 + Level 11.9 Fighting
 + Level 8.2 Long Blades
 + Level 1.3 Maces & Flails
 + Level 11.5 Armour
 + Level 2.7 Dodging
 + Level 12.2 Shields


You had 7 spell levels left.
You didn't know any spells.
Your spell library was empty.

Dungeon Overview and Level Annotations

Branches:
Dungeon (1/1)

Altars:
Cheibriados
Dithmenos
Elyvilon
Fedhas
Gozag
Hepliaklqana
Kikubaaqudgha
Makhleb
Nemelex Xobeh
Okawaru
Qazlal
Ru
Sif Muna
Trog
Uskayaw
Vehumet
Wu Jian
Xom
Yredelemnul
Zin
The Shining One
Beogh
Jiyva
Lugonu

Shops:
D :[=[*(:!??(!!:=

Annotations:
D exclusions: ice statue and oklob plant


Innate Abilities, Weirdness & Mutations

You have a pair of horns on your head.
You reflexively headbutt those who attack you in melee.


Message History

The polar bear claws you but does no damage.
The hornet stings you!
* * * LOW HITPOINT WARNING * * *
You feel yourself slow down.
The polar bear bites you but does no damage.
The polar bear claws you but does no damage. x2
The hornet closely misses you. You furiously retaliate!
You headbutt the hornet! You sock the polar bear!
You kill the polar bear!
Okawaru accepts your kill. You block the hornet's attack.
The hornet misses you. You block the hornet's attack.
Your Long Blades skill increases to level 8!
Your Maces & Flails skill increases to level 1!
Your Shields skill increases to level 12!
Okay, then.
You closely miss the hornet.
The hornet is moderately wounded.
You feel yourself speed up. You block the hornet's attack.
The hornet stings you!
* * * LOW HITPOINT WARNING * * *
You feel yourself slow down. The hornet barely misses you.
You furiously retaliate!
You headbutt the hornet, but do no damage.
You sock the hornet!
The hornet is heavily wounded.
You block the hornet's attack. The hornet stings you.
* * * LOW HITPOINT WARNING * * *
You are lethally poisoned!
You feel as though you will be slow longer.
The hornet stings you.
* * * LOW HITPOINT WARNING * * *
You feel as though you will be slow longer.
You sock the hornet!
The hornet is almost dead.
* * * LOW HITPOINT WARNING * * *
You feel very sick.
You block the hornet's attack. x2; The hornet stings you.
You die...

.#..#....# ...#
...####..## #..# .#
#+###.##..# +..# .# ?
#.##..##..# #^^# .# !$
.<.B##.+..### ..##.# ?:!
#.##..##....###...##▓▓▓▓
#'###○##.§....≈chh≈≈≈≈≈≈
.#.####≈≈.§§..≈#y#######
.#B.#≈≈≈≈≈≈≈..≈#@._._...
.#B##≈≈≈≈≈≈≈≈.§#._._._._
#+##≈≈≈≈§≈≈§≈≈§#_._._._.
≈≈≈≈≈≈≈≈≈§≈§§≈≈#._._._._
+#+++#≈§≈≈≈≈§§≈#.._._._.


zzzz ##≈≈≈###§≈#..._._._ zzzz.≈##≈≈# #§≈#...._._. ○°≈≈..§+≈≈# #§§#....._..
°≈°≈≈°##≈≈≈≈ You could see 2 polar bears, a yaktaur and a hornet.

Vanquished Creatures
  A polar bear (D)
  2 wyverns (D)
  Menkaure (D)
  4 necrophages (D)
  5 scorpions (D)
13 creatures vanquished.

Vanquished Creatures (others)
  A water moccasin (D)
1 creature vanquished.

Grand Total: 14 creatures vanquished

Notes
Turn   | Place    | Note
-------+----------+-------------------------------------------
     0 | D        | boopmooplesden the Minotaur Fighter began the quest for the
                  | Orb.
     0 | D        | Reached XP level 1. HP: 19/19 MP: 0/0
     1 | D        | Noticed a necrophage
     1 | D        | Noticed a necrophage
     1 | D        | Noticed a necrophage
     1 | D        | Noticed a necrophage
     5 | D        | Killed a necrophage
     6 | D        | Reached skill level 6 in Shields
     6 | D        | Reached XP level 2. HP: 31/31 MP: 1/1
     6 | D        | Reached XP level 3. HP: 38/38 MP: 2/2
     6 | D        | Reached XP level 4. HP: 45/45 MP: 3/3
     8 | D        | Killed a water moccasin
    10 | D        | Killed a necrophage
    11 | D        | Reached skill level 8 in Shields
    11 | D        | Reached XP level 5. HP: 53/53 MP: 4/4
    15 | D        | Killed a necrophage
    16 | D        | Reached skill level 9 in Shields
    16 | D        | Killed a necrophage
    17 | D        | Reached skill level 5 in Long Blades
    17 | D        | Reached XP level 6. HP: 63/64 MP: 5/5
    22 | D        | Noticed an ice statue
    24 | D        | Noticed Menkaure
    31 | D        | Killed Menkaure
    32 | D        | Reached skill level 10 in Fighting
    32 | D        | Reached skill level 10 in Armour
    32 | D        | Reached skill level 10 in Shields
    96 | D        | Reached XP level 7. HP: 27/73 MP: 6/6
   107 | D        | Reached skill level 11 in Shields
   360 | D        | Noticed a boulder beetle
   360 | D        | Noticed a boulder beetle
   720 | D        | Found an iron altar of Okawaru.
   720 | D        | Found an opulent altar of Gozag.
   726 | D        | Noticed a flying skull
   728 | D        | Noticed a flying skull
   729 | D        | Noticed a flying skull
   729 | D        | Noticed a flying skull
   729 | D        | Noticed a flying skull
   729 | D        | Noticed a flying skull
   729 | D        | Noticed a flying skull
   729 | D        | Noticed a flying skull
   729 | D        | Noticed a flying skull
   729 | D        | Noticed a flying skull
   730 | D        | Noticed a flying skull
   731 | D        | Noticed a flying skull
   749 | D        | Found Vamaat's Book Emporium.
   750 | D        | Found Sufiwkisch's Distillery.
   751 | D        | Found Neetsanatt's Magic Scroll Emporium.
   751 | D        | Found Getoass's Distillery.
   752 | D        | Found Adusile's Weapon Emporium.
   752 | D        | Found Muntinar's General Store.
   752 | D        | Found Petyrir's Antique Weapon Shoppe.
   752 | D        | Found Muhaixtu's Antique Armour Emporium.
   753 | D        | Found Cifurcha's Jewellery Shoppe.
   753 | D        | Found Goopse's Antique Armour Emporium.
   753 | D        | Found Ryla's Distillery.
   753 | D        | Found Zeado's Book Emporium.
   754 | D        | Found Raiwn's Jewellery Shoppe.
   754 | D        | Found Ritrukox's Magic Scroll Emporium.
   771 | D        | Noticed a wyvern
   782 | D        | Killed a wyvern
   783 | D        | Reached skill level 1 in Dodging
   783 | D        | Noticed a wyvern
   791 | D        | HP: 2/74 [wyvern (8)]
   794 | D        | Killed a wyvern
   795 | D        | Reached XP level 8. HP: 3/83 MP: 7/7
  1146 | D        | Noticed a fire dragon
  1147 | D        | Noticed an oklob plant
  1147 | D        | Noticed a manticore
  1147 | D        | Noticed a manticore
  1148 | D        | Found Anuawo's Book Shoppe.
  1150 | D        | Noticed a manticore
  1162 | D        | Bought a runed scarf for 152 gold pieces
  1168 | D        | Bought a scorched cloak for 228 gold pieces
  1168 | D        | Identified the +1 cloak "Kaysea" {Str+6} (You bought it in
                  | a shop in the Dungeon)
  1168 | D        | Bought a pair of boots for 108 gold pieces
  1185 | D        | Bought a crude mace for 208 gold pieces
  1185 | D        | Identified the +4 mace of Qaita {antimagic, rN+ Will+
                  | Stlth-} (You bought it in a shop in the Dungeon)
  1224 | D        | Found a sparkling altar of Nemelex Xobeh.
  1224 | D        | Found a blossoming altar of Fedhas.
  1225 | D        | Found a radiant altar of Vehumet.
  1225 | D        | Found a burning altar of Makhleb.
  1225 | D        | Found a white marble altar of Elyvilon.
  1226 | D        | Found a hide-covered altar of Uskayaw.
  1226 | D        | Found a corrupted altar of Lugonu.
  1226 | D        | Found a shadowy altar of Dithmenos.
  1227 | D        | Found a glowing silver altar of Zin.
  1227 | D        | Found a bloodstained altar of Trog.
  1227 | D        | Found an ancient bone altar of Kikubaaqudgha.
  1228 | D        | Found a basalt altar of Yredelemnul.
  1228 | D        | Found a shimmering blue altar of Sif Muna.
  1228 | D        | Found a viscous altar of Jiyva.
  1229 | D        | Found a shimmering altar of Xom.
  1229 | D        | Found a sacrificial altar of Ru.
  1231 | D        | Found a glowing golden altar of the Shining One.
  1231 | D        | Found an ornate altar of the Wu Jian Council.
  1231 | D        | Found a stormy altar of Qazlal.
  1231 | D        | Found a snail-covered altar of Cheibriados.
  1231 | D        | Found a hazy altar of Hepliaklqana.
  1231 | D        | Noticed a hornet
  1231 | D        | Noticed a polar bear
  1231 | D        | Noticed a polar bear
  1232 | D        | Noticed a yaktaur
  1232 | D        | Noticed a polar bear
  1233 | D        | Became a worshipper of Warmaster Okawaru
  1244 | D        | Killed a polar bear
  1245 | D        | Reached skill level 1 in Maces & Flails
  1245 | D        | Reached skill level 12 in Shields
  1247 | D        | HP: 2/83 [poisoned by a hornet]
  1247 | D        | Slain by a hornet

Illustrated notes

Levels and vault maps discovered:
D:        the_violet_keep_of_menkaure [sprint2_stairs_cluster_1,
          sprint2_shoproom, sprint2_temple, sprint2_basic_supplies,
          sprint2_obstacle_1, sprint2_obstacle_4, sprint2_obstacle_2,
          sprint2_obstacle_6, sprint2_obstacle_3, sprint2_timed_cluster_1,
          sprint2_smallroom_cluster_1, sprint2_smallroom_final_cluster_1,
          sprint2_transparent_cluster_1, sprint2_second_timed_cluster_1,
          sprint2_sniper_area_1, sprint2_heavy_combat_area_1,
          sprint2_mutation_trap_area_1, sprint2_forest_area_1,
          sprint2_light_combat_area_1, sprint2_behind_water_1,
          sprint2_near_end_vault_1]

Skill      XL: |  1  2  3  4  5  6  7  8 |
---------------+-------------------------+-----
Fighting       | 6 8 9 10 11 | 11.9
Long Blades    | 3 4 5 7 8 |  8.2
Armour         | 6 8 9 10 11 | 11.5
Shields        | 6 8 9 10 11 12 | 12.2
Dodging        | 2 |  2.7
Maces & Flails | 1 |  1.3

Action                   |  1- 3 |  4- 6 |  7- 9 || total
-------------------------+-------+-------+-------++-------
Melee: Long sword        |     3 |    21 |    52 ||    76
       Headbutt          |       |     5 |    18 ||    23
       Mace              |       |       |    13 ||    13
  Use: Potion            |     1 |     1 |     3 ||     5
Armor: Scale mail        |     2 |     4 |    27 ||    33
Dodge: Dodged            |     1 |     8 |    23 ||    32
Block: Kite shield       |       |     8 |    63 ||    71
       Rpst.: Long sword |       |     5 |     5 ||    10
